Match 45293633
Unlisted

Match 45293633
End
Pioneer Squad
Construct Infanterie Kompanie
Selects Breakthrough Battlegroup
Selects Assault Grenadiers
Grenadier Squad
Grenadier Squad
Grenadier Squad
Infanterie Officer Quarters
Selects Breakthrough
Breakthrough
MG 42 Machine Gun Team
Construct Luftwaffe Kompanie
Medical Station
Jäger Squad
CAuMOH
K̳itsuné
FooKilla
BALCK_9
0
0

Comments sign in to comment!

No comments posted yet!